Map: Daybreak LE (Void)

Players

Vector - Winner!

  • Race: Zerg Zerg
  • Spawn Location: 1:00

riffraff

  • Race: Terran Terran
  • League: Gold
  • Spawn Location: 7:00

VOD

Have the link to the VOD?

Description

Time

  • Played on: Jan. 20, 2017, 10:31 a.m.
  • Length: 4:49
Show
View Real Time Build Order
Export as new Build Order

Vector Zerg - Winner!

Build Orders: Hatch First 

Get SALT Encoding   

  12  0:01  Drone  
  13  0:13  Overlord  
  13  0:17  Drone  
  14  0:31  Drone x2  
  16  0:40  Drone  
  17  0:49  Drone  
  18  0:58  Hatchery  
  17  1:04  Drone  
  18  1:16  Extractor  
  18  1:17  Spawning Pool  
  16  1:19  Drone  
  16  1:23  Drone  
  18  1:32  Drone  
  19  1:43  Drone  
  20  1:54  Drone  
  21  2:05  Roach Warren  
  21  2:06  Drone  
  21  2:10  Queen x2  
  21  2:11  Drone  
  26  2:19  Drone  
  27  2:30  Drone  
  27  2:35  Overlord  
  28  2:39  Overlord  
  28  2:55  Roach x4  
  28  2:57  Overlord  
  36  3:17  Roach x3  
  42  3:21  Ravager  
  43  3:32  Drone x5, Roach, Extractor  
  43  3:33  Drone  
  50  3:50  Drone x2  
  50  3:53  Overlord  
  52  4:14  Drone x3  
  52  4:15  Drone x3  
  52  4:16  Drone x2  
Show
View Real Time Build Order
Export as new Build Order

riffraff Terran 

Build Orders:  

Get SALT Encoding   

  12  0:01  SCV  
  13  0:13  SCV  
  14  0:18  Supply Depot  
  14  0:25  SCV  
  15  0:40  SCV  
  15  0:41  Barracks  
  16  0:52  SCV  
  17  1:02  Refinery  
  17  1:04  SCV  
  18  1:16  SCV  
  19  1:28  Marine, SCV  
  19  1:31  Supply Depot  
  21  1:45  Command Center  
  21  1:46  Marine  
  22  1:52  SCV  
  23  2:04  Marine, SCV  
  23  2:08  Refinery  
  26  2:27  Orbital Command  
  25  2:30  Marine  
  26  2:48  Marine  
  27  3:01  Factory  
  27  3:05  SCV  
  27  3:06  Marine  
  27  3:11  Orbital Command  
  28  3:15  Supply Depot  
  28  3:24  Marine  
  29  3:27  Barracks  
  29  3:29  Engineering Bay  
  29  3:35  Bunker  
  29  3:36  SCV  
  29  3:41  Orbital Command  
  30  3:42  Barracks Tech Lab  
  30  3:48  SCV  
  30  3:54  Barracks  
  31  3:58  Factory Reactor  
  31  4:00  SCV  
  31  4:01  Starport  
  32  4:04  Missile Turret  
  32  4:12  SCV  
  32  4:15  SCV  
  34  4:22  Supply Depot  
  34  4:24  SCV  
  34  4:29  Marine  
  36  4:37  SCV  
Tags
 
League
Gold
Matchup
TvZ
Spawn Locations
Cross Positions
Add a new tag
Caveats
  • Supply blocks, unpowered buildings, or Contaminate may cause inaccurate times.
  • Supply counts are checked every 10 seconds.